 Dungeon Crawl Stone Soup version 0.31.0-11-ge490571c62 (webtiles) character file.

Game seed: 1319176763528005355

187 qw the Shooter (level 5, 0/26 HPs)
             Began as a Spriggan Hunter on Feb 5, 2024.
             Incinerated by a bombardier beetle (5 damage)
             ... with a burning spray
             ... on level 3 of the Dungeon.
             The game lasted 00:00:09 (1956 turns).

qw the Shooter (Spriggan Hunter)                    Turns: 1956, Time: 00:00:10

Health: 0/26       AC:  2    Str:  7    XL:     5   Next: 39%
Magic:  6/6        EV: 20    Int: 11    God:
Gold:   13         SH:  0    Dex: 20    Spells: 4/4 levels left

rFire   . . .        a - +0 shortbow
rCold   . . .        (shield currently unavailable)
rNeg    . . .        c - +0 robe
rPois   .            (helmet restricted)
rElec   .            (no cloak)
rCorr   .            (gloves unavailable)
SInv    +            (boots unavailable)
Will    .....        e - amulet of faith
Stlth   +            (no ring)
HPRegen 0.24/turn    (no ring)
MPRegen 0.10/turn

%: faith
@: on fire, glowing, very quick
A: very small, no large weapons, unfitting armour, see invisible, speed 3
a: no special abilities


You were on level 3 of the Dungeon.
You visited 1 branch of the dungeon, and saw 3 of its levels.

You collected 55 gold pieces.
You spent 42 gold pieces at shops.


Innate Abilities, Weirdness & Mutations

You are very small and have problems with some larger weapons.
You are too small for most types of armour.
You have supernaturally acute eyesight. (SInv)
You cover ground extremely quickly. (Speed+++)


   Skills:
 - Level 2.1 Fighting
 + Level 5.5 Ranged Weapons
 - Level 5.0 Dodging
 - Level 1.5 Stealth


You had 4 spell levels left.
You didn't know any spells.
Your spell library was empty.

Inventory:

Hand Weapons
 a - a +0 shortbow (weapon)
Armour
 c - a +0 robe (worn)
Jewellery
 e - an amulet of faith (around neck)
 f - a +6 ring of dexterity
Scrolls
 b - 2 scrolls of identify
 i - a scroll of vulnerability {unknown}
Potions
 d - 2 potions of curing
 g - a potion of enlightenment
 h - a potion of might

Dungeon Overview and Level Annotations

Branches:
Dungeon (3/15)

Altars:
Gozag
Wu Jian
Yredelemnul

Shops:
D:3 !


Message History

The adder completely misses you.
You shoot an arrow. The arrow hits the adder.
The adder is heavily wounded.
The adder misses you. x2
You shoot an arrow. The arrow hits the adder.
You kill the adder!
You start resting.
HP restored.
You see here an adder corpse.
Found a stone staircase leading down.
A bombardier beetle comes into view.
Found 2 scrolls labelled UVYXOP FUEBOI.
You shoot an arrow.
The arrow hits the bombardier beetle but does no damage.
The bombardier beetle sprays incendiary fluid at you.
The burning spray misses you.
You shoot an arrow.
The arrow barely misses the bombardier beetle.
You shoot an arrow. The arrow hits the bombardier beetle.
The bombardier beetle is moderately wounded.
You see here a +0 ring mail.
You shoot an arrow. The arrow hits the bombardier beetle!
The bombardier beetle is severely wounded.
The bombardier beetle sprays incendiary fluid at you.
The burning spray hits you.
You are covered in liquid fire!
You shoot an arrow. The arrow hits the bombardier beetle!
You kill the bombardier beetle!
The liquid fire burns you!
You are on fire!
The liquid fire burns you!
You are on fire!
The liquid fire burns you!
You are on fire!
The liquid fire burns you!
You are on fire!
The liquid fire burns you!
You are on fire!
The liquid fire burns you!
You die...

## .... .#
#?.. .+
#... .#
#...#
.#####
#%...###
.....#
....!
####.# #.>#
...#
#########@#
##.#
#..%......#
#.#
#.#########
##.######.#
....#..8#%#
......._#.#
....#..8#.#
#..######%#
#.........#


There were no monsters in sight!

Vanquished Creatures
  A bombardier beetle (D:3)
  Natasha (D:3)
  5 adders
  2 ufetubi (D:3)
  A dart slug (D:1)
  A ribbon worm (D:2)
  3 ball pythons (D:2)
  9 endoplasms
  4 giant cockroaches
  4 goblins
  3 hobgoblins
  14 jackals
  5 kobolds
  A quokka (D:2)
  5 bats
  4 frilled lizards
  3 rats
66 creatures vanquished.

Notes
Turn   | Place    | Note
-------+----------+-------------------------------------------
     0 | D:1      | qw the Spriggan Hunter began the quest for the Orb.
     0 | D:1      | Reached XP level 1. HP: 10/10 MP: 2/2
     0 | D:1      | 0 ||| qw: Version: 0.3-a-160-g6735b56
     0 | D:1      | 0 ||| qw: Game counter: 6300
     0 | D:1      | 0 ||| qw: Melee chars always use a shield: true
     0 | D:1      | 0 ||| qw: God list: Okawaru
     0 | D:1      | 0 ||| qw: Allow faded altars: false
     0 | D:1      | 0 ||| qw: Do Orc after clearing Dungeon:15 true
     0 | D:1      | 0 ||| qw: Do second Lair branch before Depths: true
     0 | D:1      | 0 ||| qw: Lair rune preference: random
     0 | D:1      | 0 ||| qw: Goals: Normal
     0 | D:1      | 0 ||| PLANNING D:1-11
    55 | D:1      | Reached skill level 3 in Dodging
   111 | D:1      | Reached XP level 2. HP: 12/14 MP: 3/3
   202 | D:1      | Found a faded altar of an unknown god.
   674 | D:1      | Reached XP level 3. HP: 18/18 MP: 4/4
   968 | D:1      | 968 ||| READING 2 scrolls labelled RIUV QARPHULUO.
   968 | D:1      | 968 ||| IDENTIFYING metallic cyan potion
   969 | D:1      | 969 ||| READING scroll of identify.
   969 | D:1      | 969 ||| IDENTIFYING fuming black potion
   970 | D:1      | 970 ||| DROPPING scroll of butterflies.
   971 | D:1      | 971 ||| DROPPING potion of lignification.
  1108 | D:2      | Reached XP level 4. HP: 16/22 MP: 5/5
  1529 | D:2      | 1529 ||| UPGRADING to amulet of faith.
  1534 | D:2      | 1534 ||| READING 4 scrolls of identify.
  1534 | D:2      | 1534 ||| IDENTIFYING black potion
  1535 | D:2      | 1535 ||| READING 3 scrolls of identify.
  1535 | D:2      | 1535 ||| IDENTIFYING lumpy golden potion
  1703 | D:3      | Found an ornate altar of the Wu Jian Council.
  1707 | D:3      | Noticed Natasha
  1711 | D:3      | Killed Natasha
  1712 | D:3      | Reached XP level 5. HP: 26/26 MP: 6/6
  1756 | D:3      | Found a basalt altar of Yredelemnul.
  1785 | D:3      | Found an opulent altar of Gozag.
  1838 | D:3      | Found Makom's Distillery.
  1842 | D:3      | 1842 ||| BUYING potion of curing (42 gold).
  1842 | D:3      | Bought a potion of curing for 42 gold pieces
  1842 | D:3      | 1842 ||| SHOPLISTING potion of enlightenment (70 gold, have
                  | 13).
  1842 | D:3      | 1842 ||| SHOPLISTING potion of heal wounds (70 gold, have
                  | 13).
  1842 | D:3      | 1842 ||| SHOPLISTING potion of might (56 gold, have 13).
  1842 | D:3      | 1842 ||| SHOPLISTING potion of mutation (112 gold, have
                  | 13).
  1955 | D:3      | HP: 5/26 [burnt (4)]
  1956 | D:3      | Incinerated by a bombardier beetle

Levels and vault maps discovered:
D:1:      kennysheep_arrival_forest, layout_basic,
          hellmonk_ecumenical_altar_dog_temple
D:2:      layout_rooms
D:3:      layout_basic, mainiacjoe_overflow_boulevard,
          mainiacjoe_overflow_tiny_flanked, grunt_gozag_breadcrumbs,
          serial_shops, shop, nrook_loot_triangle, minivault_14, uniq_natasha,
          uniq_robin

Skill      XL: |  1  2  3  4 |
---------------+-------------+-----
Dodging        | 3 4 5 |  5.0
Ranged Weapons | 5 |  5.5
Fighting       | 2 |  2.1
Stealth        | |  1.5

Action                     |  1- 3 |  4- 6 || total
---------------------------+-------+-------++-------
   Fire: Shortbow          |    97 |    80 ||   177
    Use: Scroll            |     2 |     2 ||     4
 Armour: Robe              |     9 |    12 ||    21
  Dodge: Dodged            |    47 |    50 ||    97

Table legend:
 A = Non-vault XP
 B = Vault XP
 C = Vault XP percentage of total XP
 D = Non-vault monster count
 E = Vault monster count
 F = Vault count percentage of total count
                 A         B        C        D         E       F
            +---------+---------+-------+---------+---------+-------
      Total |     227 |      41 |  15.3 |      62 |       4 |   6.1
            +---------+---------+-------+---------+---------+-------
        D:1 |      38 |       6 |  13.6 |      22 |       3 |  12.0
        D:2 |     102 |       0 |   0.0 |      30 |       0 |   0.0
        D:3 |      87 |      35 |  28.7 |      10 |       1 |   9.1
            +---------+---------+-------+---------+---------+-------
